 Dungeon Crawl Stone Soup version 0.31-a0-1354-g0f3f92e (webtiles) character file.

Game seed: 2683245018460185329

357 danspanner the Sneak (level 6, 0/36 HPs)
             Began as an Octopode Conjurer on Dec 22, 2023.
             Was an Initiate of Vehumet.
             Slain by an iguana (10 damage)
             ... on level 4 of the Dungeon.
             The game lasted 00:11:21 (3545 turns).

danspanner the Sneak (Octopode Conjurer)            Turns: 3545, Time: 00:11:22

Health: 0/36       AC:  1    Str:  8 (10) XL:     6   Next: 64%
Magic:  5/10       EV: 13    Int: 22      God:    Vehumet [......]
Gold:   177        SH:  0    Dex:  9      Spells: 9/12 levels left

rFire   . . .        c - +0 dagger
rCold   . . .        (no shield)
rNeg    . . .        (helmet restricted)
rPois   .            (no amulet)
rElec   .            (no ring)
rCorr   .            (no ring)
SInv    .            (no ring)
Will    .....        (no ring)
Stlth   ++++         (no ring)
HPRegen 0.26/turn    (no ring)
MPRegen 0.12/turn    (no ring)
                     (no ring)

%: no passive effects
@: no status effects
A: almost no armour, amphibious, 8 rings, camouflage 1, gelatinous body 1,
(nimble swimmer 1), tentacles, antennae 1, deterioration 1, low MP 1, screaming
1, strong 1
a: Renounce Religion


You were on level 4 of the Dungeon.
You worshipped Vehumet.
Vehumet was noncommittal.
You visited 1 branch of the dungeon, and saw 4 of its levels.

You collected 177 gold pieces.

Inventory:

Hand Weapons
 c - a +0 dagger (weapon)
Wands
 i - a wand of paralysis (9)
Scrolls
 b - a scroll of amnesia
 f - a scroll of teleportation
 j - a scroll of blinking
Potions
 a - a potion of magic
 e - 2 potions of brilliance
 g - a potion of haste
 h - 2 potions of might
 l - a potion of enlightenment
 m - a potion of resistance


   Skills:
 + Level 3.7 Dodging
 + Level 5.3 Stealth
 + Level 3.5 Spellcasting
 + Level 5.1 Conjurations


You had 9 spell levels left.
You knew the following spells:

 Your Spells              Type           Power      Damage    Failure   Level
a - Magic Dart            Conj           100%       1d8       1%          1
b - Searing Ray           Conj           52%        2d6       2%          2

Your spell library contained the following spells:

 Spells                   Type           Power      Damage    Failure   Level
 Call Canine Familiar     Summ           3%         N/A       34%         3
 Sigil of Binding         Hex            3%         N/A       34%         3
 Fulminant Prism          Conj/Alch      7%         3d7       38%         4
 Iskenderun's Mystic Bla  Conj/Tloc      15%        2d5       38%         4
 Dimensional Bullseye     Hex/Tloc       1%         N/A       75%         4


Dungeon Overview and Level Annotations

Branches:
Dungeon (4/15)
 Temple: D:4-7

Altars:
Cheibriados
Gozag
Nemelex Xobeh
Vehumet

Shops:
D:2 :

Annotations:
D:2 1 runed translucent door, Crazy Yiuf
D:3 2 runed translucent doors, edsrzf's ghost, amateur OpHW
D:4 Duvessa; Eustachio


Innate Abilities, Weirdness & Mutations

You cannot wear most types of armour.
You are amphibious.
You can wear up to eight rings at the same time.
Your skin changes colour to match your surroundings (Stealth+).
Your rubbery body absorbs attacks. (AC +1, EV +1)
((You are camouflaged when in or above water. (Stealth+)))
You have tentacles for arms and can constrict up to eight enemies at once.
You have a pair of small antennae on your head.
Your body sometimes deteriorates upon taking damage.
Your magical capacity is low. (-10% MP)
You occasionally shout uncontrollably at your foes.
Your muscles are strong. (Str +4, Int/Dex -1)


Message History

There is a stone staircase leading down here.
You start resting.
Magic restored.
You start resting.
HP restored.
There is a stone staircase leading down here.
You climb downwards.
You hear the sound of rushing water.
There is an entrance to a sewer on this level.
Hurry and find it before the portal rusts away!
The walls and floor vibrate strangely for a moment.
Level annotation: Duvessa; Eustachio
There is a stone staircase leading up here.
Found 3 stones.
An iguana comes into view.
An endoplasm comes into view.
The iguana hisses angrily.
Casting: Searing Ray (safe; 2% risk of failure)
Confirm with . or Enter, or press ? or * to list all spells.
Aiming: Searing Ray (safe; 2% risk of failure)
Press: ? - help, Shift-Dir - straight line, f - iguana
Aim: an iguana (82% to hit)
The searing ray hits the iguana.
The iguana is moderately wounded. (Press . to maintain the ray.)
The endoplasm quivers.
The searing ray hits the iguana.
The iguana is heavily wounded.
The searing ray hits the endoplasm!
You kill the endoplasm!
Vehumet accepts your kill. The iguana bites you!
The searing ray hits the iguana.
The iguana is almost dead.
The iguana bites you!
* * * LOW HITPOINT WARNING * * *
The searing ray hits the iguana but does no damage.
The iguana is severely wounded.
You finish channelling your searing ray.
The iguana bites you!
You die...

### #<#
########.#
#........#
#(#####..#
#..# #..#
##.#
#..#.###..#
##$..
.......@..#
...#
.#.#.#l#....+
.....
..........###
...#.
.#.#.#.#..#
.....
...........
.....
.#.#.#.#.+##
# ..........
# .#.#.#.#..
# #


You could see an iguana.

Vanquished Creatures
  Sigmund (D:2)
  A scorpion (D:4)
  Dowan (D:4)
  2 adders
  5 dart slugs
  A worm (D:2)
  3 orcs (D:3)
  3 ball pythons
  11 endoplasms
  4 giant cockroaches
  4 goblins
  5 hobgoblins
  3 jackals (D:2)
  3 quokkas
  A frilled lizard (D:3)
  7 kobolds
  3 rats
58 creatures vanquished.

Notes
Turn   | Place    | Note
-------+----------+-------------------------------------------
     0 | D:1      | danspanner the Octopode Conjurer began the quest for the
                  | Orb.
     0 | D:1      | Reached XP level 1. HP: 11/11 MP: 3/3
   229 | D:1      | Reached XP level 2. HP: 17/17 MP: 5/5
   464 | D:1      | Learned a level 2 spell: Searing Ray
   523 | D:1      | Reached XP level 3. HP: 21/21 MP: 6/6
  1188 | D:2      | Found Moethiwk's Vocational Training.
  1560 | D:2      | Noticed Sigmund
  1662 | D:2      | Gained mutation: Your body sometimes deteriorates upon
                  | taking damage. [potion of mutation]
  1662 | D:2      | Gained mutation: You passively dampen the noise of your
                  | surroundings. [potion of mutation]
  1662 | D:2      | Gained mutation: Your spells are a little harder to cast,
                  | but a little more powerful. [potion of mutation]
  1833 | D:3      | Reached XP level 4. HP: 21/27 MP: 3/7
  1870 | D:3      | Found a radiant altar of Vehumet.
  1871 | D:3      | Found a sparkling altar of Nemelex Xobeh.
  1881 | D:3      | Became a worshipper of Vehumet
  2063 | D:3      | Lost mutation: Your spells are a little harder to cast, but
                  | a little more powerful. [potion of mutation]
  2063 | D:3      | Lost mutation: You passively dampen the noise of your
                  | surroundings. [potion of mutation]
  2063 | D:3      | Gained mutation: You occasionally shout uncontrollably at
                  | your foes. [potion of mutation]
  2063 | D:3      | Gained mutation: You are dopey. (Int -2) [potion of
                  | mutation]
  2063 | D:3      | Gained mutation: You are robust. (+10% HP) [potion of
                  | mutation]
  2080 | D:3      | Found a snail-covered altar of Cheibriados.
  2096 | D:3      | Found a runed translucent door.
  2096 | D:3      | Noticed edsrzf's ghost (amateur OpHW)
  2098 | D:3      | Noticed a bullfrog
  2226 | D:3      | Found a runed translucent door.
  2537 | D:3      | Found an opulent altar of Gozag.
  2600 | D:3      | Lost mutation: You are dopey. (Int -2) [potion of mutation]
  2600 | D:3      | Lost mutation: You are robust. (+10% HP) [potion of
                  | mutation]
  2600 | D:3      | Gained mutation: Your muscles are strong. (Str +4, Int/Dex
                  | -1) [potion of mutation]
  2600 | D:3      | Gained mutation: Your magical capacity is low. (-10% MP)
                  | [potion of mutation]
  2600 | D:3      | Gained mutation: You have a pair of small antennae on your
                  | head. [potion of mutation]
  2760 | D:4      | Noticed a scorpion
  2770 | D:4      | Killed a scorpion
  2771 | D:4      | Reached XP level 5. HP: 5/31 MP: 1/8
  2855 | D:4      | Noticed Dowan
  2856 | D:4      | Noticed Duvessa
  3005 | D:2      | Killed Sigmund
  3006 | D:2      | Reached skill level 5 in Stealth
  3006 | D:2      | Reached skill level 5 in Conjurations
  3006 | D:2      | Reached XP level 6. HP: 27/36 MP: 3/10
  3321 | D:2      | Found a runed translucent door.
  3322 | D:2      | Noticed Crazy Yiuf
  3384 | D:4      | Noticed Eustachio
  3393 | D:4      | Killed Dowan
  3545 | D:4      | Slain by an iguana

Illustrated notes

Levels and vault maps discovered:
D:1:      dpeg_arrival_oval, layout_loops_corners
D:2:      layout_basic, reono_crystal_passage, hangedman_feature_mirror,
          hangedman_decor_points, nicolae_shop_vocational, uniq_sigmund,
          uniq_crazy_yiuf_cottage
D:3:      layout_rooms, kennysheep_slug_shrine, nicolae_overflow_squiral,
          nicolae_gozag_seed_capital, ebering_ghost_sewer_f,
          minmay_misc_feat_cross, kennysheep_generic_room_16
D:4:      layout_basic, gup_sewer_entry_bubbles, serial_co_window_serial,
          co_window_paths_b, co_window_corner_a, co_window_corner_a,
          co_window_paths_a, co_window_of_opportunity_a, co_window_paths_b,
          co_window_paths_c, co_window_of_opportunity_c, co_window_broadway_b,
          co_window_paths_d, glass_columns_c, glass_columns_a, glass_columns_a,
          glass_columns_b, glass_columns_b, uniq_eustachio, uniq_duvessa

Skill      XL: |  1  2  3  4  5 |
---------------+----------------+-----
Stealth        | 3 4 5 |  5.3
Dodging        | 3 |  3.7
Spellcasting   | 3 |  3.5
Conjurations   | 5 |  5.1

Action                     |  1- 3 |  4- 6 || total
---------------------------+-------+-------++-------
  Melee: Dagger            |    48 |    35 ||    83
         Tentacles         |    12 |     7 ||    19
         Constrict         |     5 |     8 ||    13
   Cast: Magic Dart        |    21 |     2 ||    23
         Searing Ray       |     5 |    12 ||    17
    Use: Scroll            |     7 |     6 ||    13
         Potion            |     1 |     3 ||     4
   Stab: Sleeping          |    11 |     4 ||    15
 Armour: Skin              |    17 |    34 ||    51
  Dodge: Dodged            |    12 |    14 ||    26

Table legend: (Time is in decaauts)
 A = Elapsed time spent in this place.
 B = Non-inter-level travel time spent in this place.
 C = Inter-level travel time spent in this place.
 D = Time resting spent in this place.
 E = Time spent auto-exploring this place.
 F = Levels seen in this place.
 G = Mean time per level.
                   A        B        C        D        E       F      G
               +--------+--------+--------+--------+--------+-----+--------+
         Total |   3545 |   3359 |    186 |    167 |   2610 |   4 |  886.2 |
       Dungeon |   3545 |   3359 |    186 |    167 |   2610 |   4 |  886.2 |
               +--------+--------+--------+--------+--------+-----+--------+

Top non-repeatable levels by time:
     D:1: 1187 daAuts
     D:3: 1133 daAuts
     D:2: 1086 daAuts
     D:4: 138 daAuts
